 Dungeon Crawl Stone Soup version 0.30.1-4-g462c640d31 (webtiles) character file.

Game seed: 17998390352586885336

5449 monsoonserge the Grappler (level 10, -1/100 HPs)
             Began as a Troll Fighter on Aug 13, 2023.
             Was a Believer of Wu Jian.
             Killed from afar by an electric eel (10 damage)
             ... with a bolt of electricity
             ... on level 8 of the Dungeon.
             The game lasted 00:14:09 (6954 turns).

monsoonserge the Grappler (Troll Fighter)           Turns: 6954, Time: 00:14:10

Health: -1/100     AC:  8    Str: 26    XL:     10   Next: 41%
Magic:  9/9        EV: 14    Int:  8    God:    Wu Jian [**....]
Gold:   573        SH:  9    Dex:  9    Spells: 9/9 levels left

rFire   . .          .
                       - Unarmed
rCold   . . .        b - +0 kite shield
rNeg    . . .        G - +0 troll leather armour
rPois   +            v - +1 hat
rElec   .            y - +0 cloak
rCorr   .            (gloves unavailable)
SInv    .            (boots unavailable)
Will    .....        (no amulet)
Stlth   +            n - ring of poison resistance
HPRegen 1.96/turn    C - +5 ring of evasion
MPRegen 0.11/turn

%: no passive effects
@: no status effects
A: large, unfitting armour, claws 3, regeneration 1, shaggy fur 1, tough skin 1
a: Renounce Religion, Wall Jump


You were on level 8 of the Dungeon.
You worshipped Wu Jian.
Wu Jian was pleased with you.
You visited 2 branches of the dungeon, and saw 10 of its levels.

You collected 573 gold pieces.

Inventory:

Missiles
 q - 9 poisoned darts (quivered)
 x - a throwing net
 B - 2 silver boomerangs
Armour
 b - a +0 kite shield (worn)
 v - a +1 hat (worn)
 y - a +0 cloak (worn)
 G - a +0 troll leather armour (worn)
Jewellery
 a - a +6 ring of intelligence
 n - a ring of poison resistance (left claw)
 C - a +5 ring of evasion (right claw)
 E - a ring of protection from cold
Wands
 p - a wand of paralysis (11)
 A - a wand of digging (7)
 F - a wand of polymorph (6)
Scrolls
 e - 11 scrolls of identify {unknown}
 f - 7 scrolls of teleportation {unknown}
 g - a scroll of brand weapon {unknown}
 h - 3 scrolls of magic mapping {unknown}
 l - 2 scrolls of fog {unknown}
 m - a scroll of acquirement {unknown}
 s - 2 scrolls of silence {unknown}
 u - a scroll of enchant armour {unknown}
Potions
 c - 2 potions of might
 d - a potion of invisibility {unknown}
 i - 6 potions of curing
 j - 3 potions of attraction {unknown}
 k - 2 potions of heal wounds {unknown}
 o - 2 potions of haste {unknown}
 r - a potion of ambrosia {unknown}
 t - a potion of brilliance {unknown}
 w - a potion of degeneration {unknown}
 z - a potion of resistance {unknown}
 D - a potion of mutation {unknown}


   Skills:
 + Level 6.6 Fighting
 + Level 4.8 Dodging
 + Level 7.3 Shields
 * Level 10.7 Unarmed Combat


You had 9 spell levels left.
You didn't know any spells.
Your spell library contained the following spells:

 Spells                   Type           Power      Damage    Failure   Level
 Freeze                   Ice            0%         1d3       67%         1
 Necrotise                Necr           0%         1d4       67%         1
 Frozen Ramparts          Ice            0%         1d1       95%         3
 Gell's Gravitas          Tloc           0%         N/A       95%         3
 Hailstorm                Conj/Ice       0%         3d3       95%         3
 Teleport Other           Tloc           0%         N/A       95%         3
 Vampiric Draining        Necr           0%         2d6       95%         3
 Cause Fear               Hex            0%         N/A       100%        4
 Agony                    Necr           0%         N/A       100%        5
 Summon Forest            Summ/Tloc      0%         N/A       100%        5
 Summon Mana Viper        Hex/Summ       0%         N/A       100%        5
 Dispersal                Tloc           0%         N/A       100%        6
 Summon Cactus Giant      Summ           0%         N/A       100%        6
 Dragon Form              Tmut           0%         N/A       100%        7
 Dragon's Call            Summ           0%         N/A       100%        9


Dungeon Overview and Level Annotations

Branches:
Dungeon (9/15)             Temple (1/1) D:5            Lair (0/5) D:8
    Orc: D:9-12

Altars:
Cheibriados
Dithmenos
Gozag
Hepliaklqana
Kikubaaqudgha
Nemelex Xobeh
Vehumet
Wu Jian
Xom
Yredelemnul

Shops:
D:3 (   D:6 (

Annotations:
D:5 3 runed translucent doors, 0gre's ghost, amateur DsFi


Innate Abilities, Weirdness & Mutations

You are too large for most types of armour.
You have claws for hands.
Your natural rate of healing is unusually fast.
You are covered in fur. (AC +1)
You have tough skin. (AC +1)


Message History

You see here a potion of might.
c - 2 potions of might (gained 1)
The electric eel shoots out a bolt of lightning at you!
The bolt of electricity hits you!
The electric eel shoots out a bolt of lightning at you!
The bolt of electricity misses you.
The electric eel shoots out a bolt of lightning at you!
The bolt of electricity hits you.
You spin and attack the electric eel.
You claw the electric eel!
The electric eel is almost dead.
The electric eel shoots out a bolt of lightning at you!
The bolt of electricity hits you!
The electric eel shoots out a bolt of lightning at you!
The bolt of electricity hits the electric eel.
The electric eel completely resists.
The bolt of electricity hits you!
You claw the electric eel!
You kill the electric eel!
The Council accepts your kill.
You hear a splash.
The electric eel shoots out a bolt of lightning at you!
The bolt of electricity hits you!
The electric eel shoots out a bolt of lightning at you!
The bolt of electricity hits you!
The electric eel shoots out a bolt of lightning at you!
The bolt of electricity hits you. x2
The electric eel shoots out a bolt of lightning at you!
The bolt of electricity hits you.
* * * LOW HITPOINT WARNING * * *
The bolt of electricity hits you!
* * * LOW HITPOINT WARNING * * *
The electric eel shoots out a bolt of lightning at you!
The bolt of electricity hits you!
* * * LOW HITPOINT WARNING * * *
Unknown command.
It was a potion of curing.
You feel better.
The electric eel shoots out a bolt of lightning at you!
The bolt of electricity hits you.
* * * LOW HITPOINT WARNING * * *
The bolt of electricity hits you!
You die...

#.#######..#.......#.###...## #.#
...........#.......#.####.#####.#
#.#.#####..##.....##...........(#
...#.# #..####.####.############
#>..## #....[.=.....########
#..## #.#######..÷...†....# #..#
##.# #.###.#####.# #..#
##..#######.###....##.## #..#
#.........@≈≈≈≈~~~.....#
#..####....~....≈~≈≈≈≈~.~..~.#
#>.........~..~†≈≈≈≈≈≈≈...~..#
#.#####.....~.~~≈≈≈SS≈≈~~~~..####
#.# #...~~~~.~S≈≈≈≈~~≈S.S......
#.# #..~≈≈≈≈~..≈≈~~.≈≈~~....###
#.# #..≈≈~~~~..?...~~≈≈≈...## #.#
..............>..≈≈≈~...# #.#
.#...~~~~~~......~~≈.~~..####


You could see 3 electric eels.

Vanquished Creatures
  A two-headed ogre (D:8)
  A troll (D:8)
  6 yaks (D:7)
  A steam dragon (D:6)
  3 water moccasins
  3 sky beasts
  2 ice beasts
  An orc warrior (D:6)
  2 black bears
  A hornet zombie (D:5)
  3 wolves (D:8)
  A centaur (D:5)
  3 phantoms
  2 scorpions
  5 bullfrogs
  5 wights (D:8)
  A water moccasin skeleton (D:5)
  2 electric eels (D:8)
  2 centaur zombies (D:5)
  8 hounds
  4 jellies
  4 orc priests
  A bullfrog skeleton (D:5)
  A centaur skeleton (D:5)
  5 sleepcaps
  An iguana (D:6)
  5 orc wizards
  2 hound zombies (D:5)
  3 gnolls (D:7)
  A howler monkey skeleton (D:5)
  12 adders
  A shadow imp (D:7)
  2 white imps
  4 worms
  6 dart slugs
  22 orcs
  4 ball pythons
  8 endoplasms
  A giant cockroach (D:2)
  9 hobgoblins
  6 jackals
  4 quokkas
  6 bats
  4 frilled lizards
  12 goblins
  6 kobolds
  5 rats
192 creatures vanquished.

Notes
Turn   | Place    | Note
-------+----------+-------------------------------------------
     0 | D:1      | monsoonserge the Troll Fighter began the quest for the Orb.
     0 | D:1      | Reached XP level 1. HP: 22/22 MP: 0/0
    48 | D:1      | Reached XP level 2. HP: 29/29 MP: 1/1
   914 | D:2      | Reached XP level 3. HP: 36/36 MP: 2/2
  1175 | D:2      | Reached skill level 3 in Unarmed Combat
  1235 | D:2      | Reached XP level 4. HP: 44/44 MP: 3/3
  1842 | D:3      | Found Tinluf's Antique Weapon Emporium.
  1890 | D:3      | Noticed a black bear
  1898 | D:3      | Killed a black bear
  1899 | D:3      | Reached XP level 5. HP: 53/53 MP: 4/4
  1918 | D:3      | Reached skill level 4 in Unarmed Combat
  2262 | D:3      | Found a faded altar of an unknown god.
  2459 | D:4      | Reached XP level 6. HP: 49/61 MP: 5/5
  2491 | D:5      | Entered Level 5 of the Dungeon
  2702 | D:4      | Identified the +4 leather armour "Baz Wemuon" {+Blink rCorr
                  | Str+4}
  2720 | D:4      | Identified the +1 ring mail "Qalyonn" {rC+ rN+++ Str-2
                  | Dex-3}
  3053 | D:4      | Reached skill level 5 in Unarmed Combat
  3375 | D:5      | Reached XP level 7. HP: 67/68 MP: 6/6
  3509 | D:5      | Reached skill level 6 in Unarmed Combat
  3550 | D:5      | Found a runed translucent gate.
  3553 | D:5      | Found a runed translucent gate.
  3553 | D:5      | Found a runed translucent gate.
  3564 | D:5      | Noticed 0gre's ghost (amateur DsFi)
  3578 | D:5      | Found a staircase to the Ecumenical Temple.
  3588 | Temple   | Entered the Ecumenical Temple
  3593 | Temple   | Became a worshipper of the Wu Jian Council
  3857 | D:5      | Reached skill level 5 in Shields
  3857 | D:5      | Reached XP level 8. HP: 65/79 MP: 7/7
  4106 | D:5      | Reached skill level 7 in Unarmed Combat
  4318 | D:6      | Reached skill level 5 in Fighting
  4416 | D:6      | Reached skill level 8 in Unarmed Combat
  4454 | D:6      | Found Waohim's Antique Weapon Shop.
  4504 | D:6      | Reached * piety under Wu Jian
  4803 | D:6      | Reached XP level 9. HP: 85/88 MP: 8/8
  5125 | D:7      | Reached skill level 9 in Unarmed Combat
  6243 | D:8      | Noticed a two-headed ogre
  6255 | D:8      | Killed a two-headed ogre
  6256 | D:8      | Reached skill level 10 in Unarmed Combat
  6256 | D:8      | Reached XP level 10. HP: 28/100 MP: 9/9
  6355 | D:8      | Found a sparkling altar of Nemelex Xobeh.
  6398 | D:8      | Reached ** piety under Wu Jian
  6492 | D:8      | Found a staircase to the Lair.
  6953 | D:8      | HP: 5/100 [electric eel/bolt of electricity (12)]
  6954 | D:8      | Killed from afar by an electric eel

Illustrated notes

Levels and vault maps discovered:
D:1:      doesnt_arrival_eight_statues, layout_basic
D:2:      cheibrodos_greedy_goblins, layout_loops_cross, serial_forest,
          infiniplex_forest_clump_double, infiniplex_forest_zigzag_1,
          infiniplex_forest_lined_3, infiniplex_forest_straight_1,
          infiniplex_forest_zigzag_1, infiniplex_forest_end_2,
          grunt_ministairs_6
D:3:      layout_basic, shapermc_ecumenical_altar_ellora, serial_shops, shop,
          minmay_increasing_density
D:4:      layout_cave_pods, st_stairs_5
D:5:      layout_cave_pods, minmay_temple_entry_statues_pillars,
          gammafunk_ghost_necromancy, serial_undead, serial_undead_d,
          serial_undead_b, serial_undead_d, serial_undead_f
D:6:      layout_loops_ring, serial_shops, shop, minmay_misc_feat_ornament
D:7:      layout_basic
D:8:      layout_loops_ring, old_standard_altar, erik_lair_island
D:9:      minmay_sliced_demisemicircle, layout_cave_pods,
          kennysheep_generic_room_13
Temple:   grunt_wide_crystal_templ

Skill      XL: |  1  2  3  4  5  6  7  8  9 |
---------------+----------------------------+-----
Shields        | 3 4 5 7 |  7.3
Unarmed Combat | 3 4 5 6 8 10 | 10.7
Fighting       | 3 4 5 6 |  6.6
Dodging        | 3 4 |  4.8

Action                     |  1- 3 |  4- 6 |  7- 9 | 10-12 || total
---------------------------+-------+-------+-------+-------++-------
  Melee: Unarmed           |   116 |   173 |   256 |    76 ||   621
  Throw: Dart              |       |       |     2 |       ||     2
Ability: Lunge             |       |       |    18 |    10 ||    28
         Whirlwind         |       |       |     5 |     4 ||     9
    Use: Potion            |       |       |       |     1 ||     1
   Stab: Sleeping          |       |       |     2 |       ||     2
 Armour: Robe              |    46 |    51 |    45 |     2 ||   144
         Troll leather arm |       |       |       |     6 ||     6
  Dodge: Dodged            |    51 |    70 |    72 |    33 ||   226
  Block: Kite shield       |    46 |    71 |    84 |    32 ||   233
